 Dungeon Crawl Stone Soup version 0.30-a0-800-g7c544603b3 (webtiles) character file.

Game seed: 10621135349039430961

60 Pimp the Conjurer (level 4, -1/27 HPs)
             Began as a Tengu Reaver on Feb 21, 2023.
             Slain by Grinder (4 damage)
             ... while paralysed by Grinder
             ... on level 3 of the Dungeon.
             The game lasted 00:03:34 (1403 turns).

Pimp the Conjurer (Tengu Reaver)                    Turns: 1403, Time: 00:03:35

Health: -1/27      AC:  3    Str: 14    XL:     4   Next: 6%
Magic:  8/8        EV:  2    Int: 13    God:
Gold:   79         SH:  0    Dex: 13    Spells: 7/8 levels left

rFire   . . .      SeeInvis .    c - +3 mace (heavy)
rCold   . . .      Faith    .    (no shield)
rNeg    . . .      Spirit   .    b - +0 leather armour
rPois   .          Reflect  .    (helmet restricted)
rElec   .          Harm     .    p - scarf {+Inv}
rCorr   .          Rampage  .    (no gloves)
Will    .....                    (boots unavailable)
Stlth   +                        (no amulet)
HPRegen 0.24/turn                (no ring)
MPRegen 0.11/turn                (no ring)

@: paralysed
A: beak, talons 3
a: Evoke Invisibility


You were on level 3 of the Dungeon.
You visited 1 branch of the dungeon, and saw 3 of its levels.

You collected 79 gold pieces.

Inventory:

Hand Weapons
 a - a +0 spear
 c - a +3 heavy mace (weapon)
Armour
 b - a +0 leather armour (worn)
 p - a scarf of invisibility (worn)
Jewellery
 d - a ring of ice
 j - a ring of fire
Wands
 l - a wand of acid (10)
 m - a wand of roots (8)
Scrolls
 i - a scroll of torment {unknown}
 k - a scroll of vulnerability {unknown}
 n - a scroll of poison {unknown}
 o - a scroll of identify {unknown}
Potions
 f - a potion of haste {unknown}
 g - a potion of resistance {unknown}


   Skills:
 + Level 2.5 Fighting
 + Level 3.7 Polearms
 + Level 2.8 Dodging
 + Level 2.5 Spellcasting
 + Level 4.5 Conjurations


You had 7 spell levels left.
You knew the following spells:

 Your Spells              Type           Power      Damage    Failure   Level
a - Kiss of Death         Conj/Necr      28%        2d7       12%         1

Your spell library contained the following spells:

 Spells                   Type           Power      Damage    Failure   Level
 Momentum Strike          Conj/Tloc      14%        3d8       19%         2
 Hailstorm                Conj/Ice       7%         3d4       36%         3


Dungeon Overview and Level Annotations

Branches:
Dungeon (3/15)

Altars:

Annotations:
D:3 Grinder


Innate Abilities, Weirdness & Mutations

You have a beak for a mouth.
You have claws for feet.


Message History

You assume a fearsome visage.
The hobgoblin looks frightened!
The goblin looks frightened!
The goblin shouts!
Grinder looks frightened!
It was a scroll of fear.
Grinder blinks!
The goblin looks desperately for an escape route.
You closely miss Grinder.
Grinder is lightly wounded.
The hobgoblin howls in fear.
A goblin opens the door.
Grinder blinks! x2
Found 35 gold pieces.
The goblin shouts! x4
A goblin opens the door.
Cornered, the hobgoblin turns to fight!
A goblin comes into view. It is wielding a +0 dagger.
The goblin shouts!
There is an open door here.
The hobgoblin shouts!
A goblin opens the door.
The hobgoblin attacks as you move away! The hobgoblin barely misses you.
The goblin closely misses you.
The goblin cries, "Oh dear!
Oh dear!"
There is an open door here.
Cornered, the goblin turns to fight!
You hit the hobgoblin.
The hobgoblin is heavily wounded.
The hobgoblin hits you. The goblin hits you with a +0 dagger.
The hobgoblin barely misses you.
There is an open door here.
You sock the hobgoblin!
You kill the hobgoblin!
The hobgoblin hits you. The hobgoblin attacks as you move away!
The hobgoblin hits you.
* * * LOW HITPOINT WARNING * * *
Grinder gestures at you.
You suddenly lose the ability to move!
The hobgoblin hits you.
* * * LOW HITPOINT WARNING * * *
Grinder hits you.
* * * LOW HITPOINT WARNING * * *
You writhe in agony.
You die...

####.# #.
#.####.#.
######......#. #.
#.....######## #.
#..###..# #..
##.##.##.###
+..##...#g..#...##
#.#5.####'####..#
#..@##.#...#$##.#
#...gggggg.'$$#.#
+..#.##g#...#$##.#
####..####'####..#
##...#...#...##
###.##.##.###
#..###..#
##.....## #######


You could see Grinder, a hobgoblin and 6 goblins.

Vanquished Creatures
  3 adders (D:2)
  3 endoplasms
  A giant cockroach (D:3)
  5 goblins
  3 hobgoblins
  2 jackals (D:3)
  A quokka (D:2)
  3 ball pythons (D:1)
  3 bats
  4 frilled lizards
  3 kobolds
  4 rats
35 creatures vanquished.

Notes
Turn   | Place    | Note
-------+----------+-------------------------------------------
     0 | D:1      | Pimp the Tengu Reaver began the quest for the Orb.
     0 | D:1      | Reached XP level 1. HP: 12/12 MP: 4/4
   456 | D:1      | Reached XP level 2. HP: 17/17 MP: 6/6
   634 | D:2      | Reached XP level 3. HP: 21/21 MP: 7/7
   647 | D:2      | Found a faded altar of an unknown god.
  1270 | D:3      | Reached XP level 4. HP: 27/27 MP: 8/8
  1378 | D:3      | Noticed Grinder
  1381 | D:3      | Paralysed by Grinder for 4 turns
  1402 | D:3      | Paralysed by Grinder for 2 turns
  1403 | D:3      | Slain by Grinder

Illustrated notes

Levels and vault maps discovered:
D:1:      dpeg_arrival_renting, layout_basic
D:2:      layout_basic, ebering_ecumenical_altar_box
D:3:      cheibrodos_greedy_goblins, layout_basic, mainiacjoe_overflow_24_doors,
          serial_rivers, chequers_serial_rivers_marsh,
          chequers_serial_rivers_room_a, chequers_serial_rivers_micro_c,
          chequers_serial_rivers_micro_a, chequers_serial_rivers_small_3,
          chequers_serial_rivers_marsh, minmay_tree_intersection, uniq_grinder

Action                     |  1- 3 |  4- 6 || total
---------------------------+-------+-------++-------
  Melee: Mace              |    52 |     7 ||    59
         Kick              |     5 |       ||     5
         Peck              |     3 |       ||     3
    Use: Scroll            |     4 |     2 ||     6
 Armour: Leather armour    |    23 |     3 ||    26
  Dodge: Dodged            |    43 |     6 ||    49

Table legend: (Time is in decaauts)
 A = Elapsed time spent in this place.
 B = Non-inter-level travel time spent in this place.
 C = Inter-level travel time spent in this place.
 D = Time resting spent in this place.
 E = Time spent auto-exploring this place.
 F = Levels seen in this place.
 G = Mean time per level.
                   A        B        C        D        E       F      G
               +--------+--------+--------+--------+--------+-----+--------+
         Total |   1472 |   1422 |     50 |     45 |   1004 |   3 |  490.7 |
       Dungeon |   1472 |   1422 |     50 |     45 |   1004 |   3 |  490.7 |
               +--------+--------+--------+--------+--------+-----+--------+

Top non-repeatable levels by time:
     D:1: 522 daAuts
     D:3: 495 daAuts
     D:2: 454 daAuts
